[ AOE2 MATCH · #506503346 ]
UnrankedKhmer vs Goths
Player's team · LOSS
Rival team · WIN
[ REPLAY ANALYSIS · EXTRACTED FROM THE RECORDED GAME ]
Feudal
8:52
Castle
21:20
Imperial
—
| APM avg | 60.0 |
| APM peak | 109 |
| eAPM avg | 24.4 |
| Villagers / military | 56 / 67 |
Focus
⚔️ 26.8% · 🌾 73.2%
Knight ×40 · Scout Cavalry ×26 · Battle Elephant ×1
Feudal
13:58
Castle
27:19
Imperial
—
| APM avg | 65.1 |
| APM peak | 96 |
| eAPM avg | 40.6 |
| Villagers / military | 67 / 84 |
Focus
⚔️ 44.4% · 🌾 55.6%
Militia ×57 · Spearman ×23 · Monk ×2 · Battering Ram ×2
Match map
Initial resources + every placement click. Lines = walls · curves = elevation contours. ◆ gold · ⬟ stone · ● berries · ✦ relic · ◌ wall gap
Your base· ✓ Closed at 21:20 · 57t walls · no gate
Snootydoor8937's base· Open — opponent sealed themselves in
Smoothed initial terrain · ◌ = detected wall gap · hover for details
Inputs per minute
— [GdSur] Fedee - - Snootydoor8937
Build order — [GdSur] Fedee
First 150 of 206 actions detected
| 0:01 | Create | Villager (Male) |
| 0:01 | Create | Villager (Male) |
| 0:01 | Create | Villager (Male) |
| 0:02 | Create | Villager (Male) |
| 0:02 | Create | Villager (Male) |
| 0:03 | Build | House |
| 0:04 | Build | House |
| 1:33 | Create | Villager (Male) |
| 1:46 | Build | Lumber Camp |
| 1:55 | Create | Villager (Male) |
| 2:29 | Create | Villager (Male) |
| 2:48 | Create | Villager (Male) |
| 3:03 | Create | Villager (Male) |
| 3:27 | Build | House |
| 3:35 | Create | Villager (Male) |
| 3:56 | Create | Villager (Male) |
| 4:15 | Build | Mill |
| 4:37 | Create | Villager (Male) |
| 4:44 | Create | Villager (Male) |
| 4:53 | Create | Villager (Male) |
| 5:24 | Create | Villager (Male) |
| 5:27 | Research | Loom |
| 6:41 | Research | Feudal Age |
| 7:16 | Create | Villager (Male) |
| 8:52 | Age | Feudal Age |
| 8:53 | Build | Stable |
| 8:56 | Create | Villager (Male) |
| 8:59 | Research | Double-Bit Axe |
| 9:25 | Build | House |
| 9:38 | Create | Scout Cavalry |
| 9:39 | Create | Villager (Male) |
| 9:41 | Create | Scout Cavalry |
| 9:41 | Create | Scout Cavalry |
| 9:41 | Create | Scout Cavalry |
| 9:45 | Build | Farm |
| 10:13 | Create | Scout Cavalry |
| 10:14 | Create | Scout Cavalry |
| 10:16 | Build | House |
| 10:35 | Create | Scout Cavalry |
| 10:36 | Create | Scout Cavalry |
| 10:39 | Create | Villager (Male) |
| 10:47 | Create | Villager (Male) |
| 10:51 | Build | Farm |
| 11:03 | Create | Villager (Male) |
| 11:05 | Create | Scout Cavalry |
| 11:05 | Create | Scout Cavalry |
| 11:09 | Build | Farm |
| 11:35 | Build | Farm |
| 11:37 | Build | Farm |
| 11:43 | Build | Palisade Wall |
| 11:48 | Build | Palisade Wall |
| 11:51 | Create | Scout Cavalry |
| 11:52 | Create | Villager (Male) |
| 12:01 | Build | House |
| 12:05 | Create | Villager (Male) |
| 12:17 | Create | Villager (Male) |
| 12:20 | Build | Farm |
| 12:42 | Build | House |
| 12:46 | Create | Scout Cavalry |
| 13:04 | Create | Scout Cavalry |
| 13:09 | Create | Villager (Male) |
| 13:30 | Create | Scout Cavalry |
| 13:44 | Create | Scout Cavalry |
| 13:58 | Create | Scout Cavalry |
| 13:58 | Create | Scout Cavalry |
| 14:03 | Build | Farm |
| 14:04 | Build | Farm |
| 14:04 | Build | Farm |
| 14:04 | Build | Farm |
| 14:04 | Build | Farm |
| 14:05 | Build | Farm |
| 14:05 | Create | Villager (Male) |
| 14:14 | Build | House |
| 14:17 | Build | Palisade Wall |
| 14:20 | Create | Scout Cavalry |
| 14:20 | Create | Scout Cavalry |
| 14:30 | Create | Villager (Male) |
| 14:51 | Create | Scout Cavalry |
| 15:07 | Create | Villager (Male) |
| 15:09 | Build | Farm |
| 15:13 | Build | Farm |
| 15:19 | Create | Villager (Male) |
| 15:21 | Build | House |
| 15:34 | Build | House |
| 15:35 | Build | Palisade Wall |
| 15:42 | Build | Palisade Wall |
| 15:45 | Create | Villager (Male) |
| 15:54 | Build | Palisade Wall |
| 16:06 | Build | Mining Camp |
| 16:30 | Create | Villager (Male) |
| 16:51 | Create | Villager (Male) |
| 16:55 | Build | Blacksmith |
| 16:58 | Build | Farm |
| 17:21 | Create | Villager (Male) |
| 17:46 | Create | Villager (Male) |
| 17:54 | Build | Farm |
| 18:10 | Build | Farm |
| 18:10 | Build | Farm |
| 18:11 | Build | Farm |
| 18:11 | Build | Farm |
| 18:11 | Build | Farm |
| 18:40 | Research | Castle Age |
| 19:06 | Build | Stable |
| 19:13 | Build | House |
| 19:16 | Build | House |
| 19:18 | Build | House |
| 19:20 | Build | House |
| 19:24 | Build | House |
| 19:27 | Build | House |
| 19:29 | Build | House |
| 19:38 | Build | House |
| 20:00 | Research | Bloodlines |
| 20:35 | Build | Palisade Wall |
| 20:41 | Build | Palisade Wall |
| 21:20 | Age | Castle Age |
| 21:22 | Create | Knight |
| 21:22 | Create | Knight |
| 21:22 | Create | Knight |
| 21:22 | Create | Knight |
| 21:23 | Create | Knight |
| 21:31 | Build | House |
| 21:44 | Create | Scout Cavalry |
| 21:44 | Create | Scout Cavalry |
| 21:44 | Create | Scout Cavalry |
| 21:45 | Create | Scout Cavalry |
| 21:45 | Create | Scout Cavalry |
| 21:45 | Create | Scout Cavalry |
| 21:58 | Create | Knight |
| 21:58 | Create | Knight |
| 22:16 | Create | Knight |
| 22:16 | Create | Knight |
| 22:17 | Create | Knight |
| 22:29 | Create | Villager (Male) |
| 22:38 | Build | House |
| 23:07 | Create | Villager (Male) |
| 23:20 | Create | Villager (Male) |
| 23:20 | Create | Villager (Male) |
| 23:21 | Create | Villager (Male) |
| 24:36 | Create | Villager (Male) |
| 24:38 | Create | Villager (Male) |
| 24:46 | Build | Farm |
| 24:55 | Create | Villager (Male) |
| 25:14 | Build | House |
| 25:18 | Create | Villager (Male) |
| 25:27 | Build | Farm |
| 25:29 | Build | Farm |
| 25:42 | Create | Knight |
| 25:42 | Create | Knight |
| 26:02 | Build | Farm |
| 26:10 | Create | Knight |
Build order — Snootydoor8937
First 150 of 251 actions detected
| 0:01 | Create | Villager (Male) |
| 0:02 | Build | House |
| 0:03 | Build | House |
| 0:16 | Create | Villager (Male) |
| 0:20 | Create | Villager (Male) |
| 0:21 | Create | Villager (Male) |
| 1:30 | Create | Villager (Male) |
| 1:30 | Create | Villager (Male) |
| 2:02 | Create | Villager (Male) |
| 2:02 | Create | Villager (Male) |
| 2:20 | Build | Barracks |
| 2:29 | Create | Villager (Male) |
| 2:55 | Create | Villager (Male) |
| 2:55 | Create | Villager (Male) |
| 3:17 | Create | Villager (Male) |
| 3:33 | Create | Militia |
| 3:34 | Create | Militia |
| 3:34 | Create | Militia |
| 3:37 | Build | House |
| 4:11 | Create | Villager (Male) |
| 4:11 | Create | Villager (Male) |
| 4:24 | Create | Villager (Male) |
| 4:45 | Create | Militia |
| 5:01 | Build | House |
| 5:22 | Create | Villager (Male) |
| 5:22 | Create | Villager (Male) |
| 5:37 | Create | Militia |
| 5:39 | Create | Villager (Male) |
| 5:45 | Create | Villager (Male) |
| 6:36 | Create | Militia |
| 6:38 | Create | Villager (Male) |
| 6:45 | Create | Villager (Male) |
| 7:22 | Create | Villager (Male) |
| 7:28 | Build | Lumber Camp |
| 7:29 | Create | Villager (Male) |
| 7:32 | Build | House |
| 8:02 | Create | Villager (Male) |
| 8:09 | Create | Villager (Male) |
| 8:13 | Create | Villager (Male) |
| 8:41 | Create | Villager (Male) |
| 8:43 | Create | Villager (Male) |
| 8:59 | Build | Mill |
| 9:32 | Create | Villager (Male) |
| 9:56 | Create | Villager (Male) |
| 10:00 | Build | Farm |
| 10:01 | Build | Farm |
| 10:21 | Build | Farm |
| 10:44 | Research | Loom |
| 10:44 | Research | Loom |
| 10:49 | Research | Feudal Age |
| 10:53 | Research | Loom |
| 10:53 | Research | Loom |
| 11:02 | Build | Farm |
| 11:19 | Build | Farm |
| 11:34 | Build | House |
| 11:35 | Build | House |
| 11:48 | Research | Feudal Age |
| 12:08 | Create | Militia |
| 12:08 | Create | Militia |
| 12:15 | Build | Mining Camp |
| 12:18 | Build | Farm |
| 12:36 | Build | Farm |
| 13:39 | Create | Villager (Male) |
| 13:47 | Create | Villager (Male) |
| 13:58 | Age | Feudal Age |
| 14:01 | Create | Militia |
| 14:03 | Create | Villager (Male) |
| 14:11 | Research | Horse Collar |
| 14:11 | Research | Double-Bit Axe |
| 14:12 | Research | Double-Bit Axe |
| 14:25 | Create | Spearman |
| 14:35 | Build | Farm |
| 15:06 | Create | Villager (Male) |
| 15:09 | Build | Barracks |
| 15:11 | Research | Man-at-Arms (upgrade) |
| 15:12 | Create | Militia |
| 15:13 | Create | Militia |
| 15:27 | Create | Villager (Male) |
| 15:38 | Build | Farm |
| 15:45 | Create | Villager (Male) |
| 15:49 | Create | Militia |
| 15:49 | Create | Militia |
| 16:00 | Build | Farm |
| 16:09 | Build | Palisade Wall |
| 16:11 | Build | Palisade Wall |
| 16:17 | Create | Militia |
| 16:17 | Create | Militia |
| 16:17 | Create | Villager (Male) |
| 16:27 | Create | Villager (Male) |
| 16:30 | Create | Spearman |
| 16:31 | Create | Spearman |
| 16:42 | Build | Farm |
| 16:56 | Create | Villager (Male) |
| 16:58 | Create | Villager (Male) |
| 17:02 | Create | Militia |
| 17:02 | Create | Militia |
| 17:02 | Create | Militia |
| 17:04 | Build | Farm |
| 17:05 | Create | Villager (Male) |
| 17:22 | Create | Militia |
| 17:22 | Create | Militia |
| 17:25 | Build | Farm |
| 17:29 | Build | House |
| 17:44 | Create | Militia |
| 17:45 | Create | Militia |
| 17:47 | Create | Villager (Male) |
| 17:55 | Build | House |
| 17:55 | Build | House |
| 17:56 | Build | House |
| 17:58 | Build | Farm |
| 17:58 | Build | Farm |
| 17:58 | Build | Farm |
| 17:59 | Build | Farm |
| 18:11 | Create | Militia |
| 18:11 | Create | Militia |
| 18:21 | Build | Blacksmith |
| 18:23 | Create | Villager (Male) |
| 18:26 | Create | Villager (Male) |
| 18:42 | Build | Farm |
| 18:43 | Create | Villager (Male) |
| 18:50 | Research | Forging |
| 18:50 | Research | Forging |
| 18:52 | Create | Militia |
| 18:53 | Create | Militia |
| 18:53 | Create | Militia |
| 19:15 | Create | Militia |
| 19:16 | Create | Militia |
| 19:23 | Research | Scale Mail Armor |
| 19:23 | Research | Scale Mail Armor |
| 19:30 | Create | Militia |
| 19:30 | Create | Militia |
| 19:45 | Create | Villager (Male) |
| 19:54 | Build | Farm |
| 19:54 | Build | Farm |
| 19:55 | Build | Farm |
| 19:55 | Build | Farm |
| 19:55 | Build | Farm |
| 19:55 | Build | Farm |
| 19:57 | Create | Villager (Male) |
| 20:04 | Create | Militia |
| 20:04 | Create | Militia |
| 20:08 | Create | Villager (Male) |
| 20:10 | Build | House |
| 20:10 | Build | House |
| 20:10 | Build | House |
| 20:13 | Build | House |
| 20:34 | Research | Wheelbarrow |
| 20:34 | Research | Wheelbarrow |
| 20:38 | Create | Villager (Male) |
| 21:13 | Create | Militia |
Match timeline
| 2:20 | Snootydoor8937 · first_building Barracks |
| 8:52 | [GdSur] Fedee · age_up feudal |
| 8:53 | [GdSur] Fedee · first_building Stable |
| 11:43 | [GdSur] Fedee · wall_segment Palisade Wall x8 |
| 11:48 | [GdSur] Fedee · wall_segment Palisade Wall x10 |
| 13:58 | Snootydoor8937 · age_up feudal |
| 14:17 | [GdSur] Fedee · wall_segment Palisade Wall x8 |
| 15:35 | [GdSur] Fedee · wall_segment Palisade Wall x1 |
| 15:42 | [GdSur] Fedee · wall_segment Palisade Wall x12 |
| 15:54 | [GdSur] Fedee · wall_segment Palisade Wall x16 |
| 16:09 | Snootydoor8937 · wall_segment Palisade Wall x1 |
| 16:11 | Snootydoor8937 · wall_segment Palisade Wall x1 |
| 20:35 | [GdSur] Fedee · wall_segment Palisade Wall x1 |
| 20:41 | [GdSur] Fedee · wall_segment Palisade Wall x1 |
| 21:20 | [GdSur] Fedee · age_up castle |
| 23:57 | Snootydoor8937 · wall_segment Palisade Wall x9 |
| 24:30 | Snootydoor8937 · wall_segment Palisade Wall x1 |
| 24:38 | Snootydoor8937 · wall_segment Palisade Wall x5 |
| 26:52 | Snootydoor8937 · wall_segment Palisade Wall x1 |
| 26:53 | Snootydoor8937 · wall_segment Palisade Wall x1 |
| 27:19 | Snootydoor8937 · age_up castle |
| 27:30 | Snootydoor8937 · first_building Siege Workshop |
| 27:44 | Snootydoor8937 · first_building Monastery |
| 29:19 | [GdSur] Fedee · first_building Siege Workshop |
| 30:20 | Snootydoor8937 · first_market_sell 100 wood |
| 32:23 | [GdSur] Fedee · resign |
[ AI ANALYSIS · 1 CREDIT ]
What really happened in this match?
Wolo.gg analyzes every decision: build order, eco, micro, common mistakes by bracket. Personalized analysis on WhatsApp or Discord in 30 seconds.
Civ guide
Khmer
Perfil
Jugador #3455134